 Dungeon Crawl Stone Soup version 0.31-a0-1576-ga3383bade6 (webtiles) character file.

Game seed: 8630617609427763017

149 Flugslaktarn the Apothecary (level 5, -4/31 HPs)
             Began as an Octopode Alchemist on Jan 4, 2024.
             Splashed by a jelly's acid (9 damage)
             ... on level 4 of the Dungeon.
             The game lasted 00:01:57 (767 turns).

Flugslaktarn the Apothecary (Octopode Alchemist)     Turns: 767, Time: 00:01:58

Health: -4/31      AC: -3    Str:  7    XL:     5   Next: 31%
Magic:  2/9        EV: 13    Int: 17    God:
Gold:   71         SH:  0    Dex: 15    Spells: 5/10 levels left

rFire   + . .        j - +2 trident (freeze)
rCold   . . .        (no shield)
rNeg    . . .        (helmet restricted)
rPois   .            (no amulet)
rElec   .            f - ring of protection from fire
rCorr   .            (no ring)
SInv    .            (no ring)
Will    .....        (no ring)
Stlth   +++          (no ring)
HPRegen 0.25/turn    (no ring)
MPRegen 0.11/turn    (no ring)
                     (no ring)

%: no passive effects
@: corroded
A: almost no armour, amphibious, 8 rings, camouflage 1, gelatinous body 1,
(nimble swimmer 1), tentacles
a: no special abilities


You were on level 4 of the Dungeon.
You visited 1 branch of the dungeon, and saw 4 of its levels.

You collected 71 gold pieces.

Inventory:

Hand Weapons
 c - a +0 dagger
   (You took it off a kobold on level 1 of the Dungeon)
 j - a +2 trident of freezing (weapon)
   (You took it off an orc on level 4 of the Dungeon)
Armour
 d - a +2 buckler
   (You found it on level 1 of the Dungeon)
Jewellery
 f - a ring of protection from fire (left tentacle)
   (You found it on level 1 of the Dungeon)
 i - an amulet of guardian spirit
   (You found it on level 4 of the Dungeon)
Scrolls
 b - 2 scrolls of fear {unknown}
 e - a scroll of fog {unknown}
 g - 3 scrolls of blinking {unknown}
 k - a scroll of vulnerability {unknown}
 l - a scroll of identify {unknown}
Potions
 a - a potion of magic
 h - a potion of invisibility


   Skills:
 - Level 2.0 Dodging
 - Level 2.6 Stealth
 + Level 3.2 Spellcasting
 - Level 1.0 Conjurations
 * Level 5.5 Alchemy


You had 5 spell levels left.
You knew the following spells:

 Your Spells              Type           Power      Damage    Failure   Level
a - Sting                 Conj/Alch      52%        1d6       4%          1
b - Olgreb's Toxic Radia  Alch           21%        N/A       17%         4

Your spell library contained the following spells:

 Spells                   Type           Power      Damage    Failure   Level
 Mercury Vapours          Alch/Air       24%        N/A       9%          2
 Magic Dart               Conj           24%        1d4       12%         1
 Searing Ray              Conj           12%        2d4       17%         2
 Mephitic Cloud           Conj/Alch/Air  10%        N/A       21%         3
 Scorch                   Fire           4%         2d5       26%         2
 Fulminant Prism          Conj/Alch      6%         3d7       41%         4
 Sticky Flame             Fire/Alch      12%        2d5       47%         4
 Flame Wave               Conj/Fire      4%         2d5       80%         4
 Summon Cactus Giant      Summ           1%         N/A       100%        6


Dungeon Overview and Level Annotations

Branches:
Dungeon (4/15)
 Temple: D:4-7

Altars:


Innate Abilities, Weirdness & Mutations

You cannot wear most types of armour.
You are amphibious.
You can wear up to eight rings at the same time.
Your skin changes colour to match your surroundings (Stealth+).
Your rubbery body absorbs attacks. (AC +1, EV +1)
((You are camouflaged when in or above water. (Stealth+)))
You have tentacles for arms and can constrict up to eight enemies at once.


Message History

Aiming: Sting (safe; 4% risk of failure)
Press: ? - help, Shift-Dir - straight line, f/p - iguana
Aim: an iguana (lightly wounded, poisoned, 75% to hit)
The sting hits the iguana but does no damage.
The iguana looks even sicker.
The iguana is lightly wounded.
The orc throws a boomerang.
The boomerang hits you.
The orc throws a boomerang.
The boomerang misses you.
The orc throws a boomerang.
The boomerang closely misses you.
Your magical contamination has completely faded away.
The iguana looks more healthy.
The orc throws a boomerang.
The boomerang completely misses you.
The orc throws a boomerang.
The boomerang hits you.
Casting: Sting (safe; 4% risk of failure)
Confirm with . or Enter, or press ? or * to list all spells.
Aiming: Sting (safe; 4% risk of failure)
Press: ? - help, Shift-Dir - straight line, f - orc
Aim: an orc, wielding a +0 short sword, wearing a +0 leather armour and quivering boomerangs (71% to hit)
The sting misses the orc.
Casting: Sting (safe; 4% risk of failure)
Confirm with . or Enter, or press ? or * to list all spells.
Aiming: Sting (safe; 4% risk of failure)
Press: ? - help, Shift-Dir - straight line, f/p - orc
Aim: an orc, wielding a +0 short sword, wearing a +0 leather armour and quivering boomerangs (71% to hit)
The sting hits the orc.
The orc is poisoned.
The orc is heavily wounded.
The orc throws a boomerang.
The boomerang barely misses you.
Casting: Sting (safe; 4% risk of failure)
Confirm with . or Enter, or press ? or * to list all spells.
Aiming: Sting (safe; 4% risk of failure)
Press: ? - help, Shift-Dir - straight line, f/p - orc
Aim: an orc, wielding a +0 short sword, wearing a +0 leather armour and quivering boomerangs (heavily wounded, poisoned, 71% to hit)
The sting misses the orc.
The sting hits the iguana.
The iguana is poisoned.
The iguana is heavily wounded.
The orc throws a boomerang.
The boomerang hits you.
The orc throws a boomerang.
The boomerang barely misses you.
Casting: Sting (safe; 4% risk of failure)
Confirm with . or Enter, or press ? or * to list all spells.
Aiming: Sting (safe; 4% risk of failure)
Press: ? - help, Shift-Dir - straight line, f/p - orc
Aim: an orc, wielding a +0 short sword, wearing a +0 leather armour and quivering boomerangs (heavily wounded, poisoned, 71% to hit)
The sting hits the orc but does no damage.
The orc looks even sicker.
The orc is heavily wounded.
The orc throws a boomerang.
The boomerang misses you.
A jelly comes into view.
You kill the orc!
Casting: Sting (safe; 4% risk of failure)
Confirm with . or Enter, or press ? or * to list all spells.
Aiming: Sting (safe; 4% risk of failure)
Press: ? - help, Shift-Dir - straight line, f - iguana
Aim: an iguana (heavily wounded, poisoned, 75% to hit)
The sting hits the iguana.
The iguana looks even sicker.
The iguana is heavily wounded.
Casting: Sting (safe; 4% risk of failure)
Confirm with . or Enter, or press ? or * to list all spells.
Aiming: Sting (safe; 4% risk of failure)
Press: ? - help, Shift-Dir - straight line, f/p - iguana
Aim: an iguana (severely wounded, poisoned, 75% to hit)
The sting hits the iguana.
The iguana looks even sicker.
You kill the iguana!
You see here an iguana corpse.
You see here a scroll labelled REIG RONIN.
l - a scroll labelled REIG RONIN The jelly quivers.
You see here a book of Conjurations.
You pick up a book of Conjurations and begin reading...
You add the spells Magic Dart, Searing Ray and Fulminant Prism to your library.
Items here: $ ( ) [.
You now have 71 gold pieces (gained 13).
Casting: Sting (safe; 4% risk of failure)
Confirm with . or Enter, or press ? or * to list all spells.
Aiming: Sting (safe; 4% risk of failure)
Press: ? - help, Shift-Dir - straight line, f - jelly
Aim: a jelly (100% to hit)
The sting hits the jelly.
The jelly partially resists.
The jelly is lightly wounded.
Casting: Sting (safe; 4% risk of failure)
Confirm with . or Enter, or press ? or * to list all spells.
Aiming: Sting (safe; 4% risk of failure)
Press: ? - help, Shift-Dir - straight line, f/p - jelly
Aim: a jelly (lightly wounded, 100% to hit)
The sting hits the jelly.
The jelly partially resists.
The jelly is moderately wounded.
You hit the jelly. You freeze the jelly. The acid corrodes you!
Your tentacles burn!
The jelly is moderately wounded.
The jelly hits you.
You are splashed with acid!
* * * LOW HITPOINT WARNING * * *
Casting: Sting (safe; 4% risk of failure)
Confirm with . or Enter, or press ? or * to list all spells.
Aiming: Sting (safe; 4% risk of failure)
Press: ? - help, Shift-Dir - straight line, f/p - jelly
Aim: a jelly (moderately wounded, 100% to hit)
The sting hits the jelly.
The jelly partially resists.
The jelly is heavily wounded.
The jelly hits you.
* * * LOW HITPOINT WARNING * * *
You are splashed with acid!
You die...

#### #######..# ...
###........# ...
##########...###....###...
##.....#.....## #.###......
##............<###.###.#..#
#.........J@...†##o......###
###...................#......#
.............................#
###......................[...#
###............)..###.###.####
#.................# #.# #.#
..##...........$..# #.###.# ##
##.....#.......# ..##..#
#..####..#..### .###.###


You could see a jelly.

Vanquished Creatures
  A scorpion (D:3)
  2 iguanas (D:4)
  A dart slug (D:1)
  3 orcs (D:4)
  2 ball pythons
  2 bats (D:2)
  3 endoplasms
  A giant cockroach (D:1)
  3 goblins
  A hobgoblin (D:1)
  A quokka (D:2)
  6 kobolds
  3 rats
29 creatures vanquished.

Notes
Turn   | Place    | Note
-------+----------+-------------------------------------------
     0 | D:1      | Flugslaktarn the Octopode Alchemist began the quest for the
                  | Orb.
     0 | D:1      | Reached XP level 1. HP: 11/11 MP: 3/3
    61 | D:1      | Reached XP level 2. HP: 7/17 MP: 1/5
   221 | D:2      | Reached skill level 4 in Alchemy
   317 | D:3      | Noticed a scorpion
   322 | D:3      | Killed a scorpion
   323 | D:3      | Reached XP level 3. HP: 21/21 MP: 2/7
   323 | D:3      | Reached XP level 4. HP: 27/27 MP: 2/8
   359 | D:3      | Reached skill level 5 in Alchemy
   528 | D:4      | Learned a level 4 spell: Olgreb's Toxic Radiance
   657 | D:4      | HP: 1/27 [iguana (2)]
   660 | D:4      | Reached XP level 5. HP: 2/31 MP: 2/9
   767 | D:4      | Splashed by a jelly's acid

Illustrated notes

Levels and vault maps discovered:
D:1:      minmay_arrival_diagonal_passages, layout_rooms,
          nicolae_ecumenical_snake_handling
D:2:      layout_loops_cross
D:3:      layout_loops_corners
D:4:      layout_rooms, kennysheep_vampire_church

Skill      XL: |  1  2  3  4 |
---------------+-------------+-----
Alchemy        | 4 5 |  5.5
Spellcasting   | 3 |  3.2
Dodging        | |  2.0
Stealth        | |  2.6
Conjurations   | |  1.0

Action                     |  1- 3 |  4- 6 || total
---------------------------+-------+-------++-------
  Melee: Unarmed           |     9 |       ||     9
         Tentacles         |     5 |     3 ||     8
         Constrict         |     6 |     2 ||     8
         Dagger            |    15 |     8 ||    23
         Punch             |     1 |       ||     1
         Trident           |       |     3 ||     3
   Cast: Sting             |    18 |    28 ||    46
    Use: Potion            |       |     1 ||     1
 Armour: Skin              |    13 |    14 ||    27
  Dodge: Dodged            |    29 |    16 ||    45

Table legend: (Time is in decaauts)
 A = Elapsed time spent in this place.
 B = Non-inter-level travel time spent in this place.
 C = Inter-level travel time spent in this place.
 D = Time resting spent in this place.
 E = Time spent auto-exploring this place.
 F = Levels seen in this place.
 G = Mean time per level.
                   A        B        C        D        E       F      G
               +--------+--------+--------+--------+--------+-----+--------+
         Total |    766 |    741 |     25 |     28 |    301 |   4 |  191.5 |
       Dungeon |    766 |    741 |     25 |     28 |    301 |   4 |  191.5 |
               +--------+--------+--------+--------+--------+-----+--------+

Top non-repeatable levels by time:
     D:3: 296 daAuts
     D:2: 198 daAuts
     D:4: 190 daAuts
     D:1: 81 daAuts
